 Dungeon Crawl Stone Soup version 0.29.1-12-g30fa7ad0bf (webtiles) character file.

Game seed: 194096448175175032

11008 soggyman666 the Cleaver (level 11, -3/69 HPs)
             Began as a Gargoyle Fighter on Dec 25, 2022.
             Was an Initiate of Ashenzari.
             Slain by a tentacled starspawn (12 damage)
             ... on level 3 of the Abyss.
             The game lasted 00:41:21 (12678 turns).

soggyman666 the Cleaver (Gargoyle Fighter)         Turns: 12678, Time: 00:41:21

Health: -3/69      AC: 39    Str: 25    XL:     11   Next: 71%
Magic:  11/11      EV:  8    Int:  8    God:    Ashenzari [......]
Gold:   480        SH:  5    Dex:  7    Spells: 10/10 levels left

rFire   . . .      SeeInvis .   P - +2 flail (protect)
rCold   . . .      Faith    .   c - +0 buckler
rNeg    + . .      Spirit   .   n - +0 plate armour
rPois   ∞          Reflect  .   O - +1 helmet "Circumscribed Together" {+Inv Fly rCorr Dex-2, Range, Cun} (curse)
rElec   +          Harm     .   b - +0 cloak
rCorr   +          Rampage  .   E - +0 pair of gloves
Will    .....                   h - +0 pair of boots
Stlth   ..........              r - amulet of the acrobat
HPRegen 0.21/turn               m - +4 ring of protection
MPRegen 0.12/turn               D - +4 ring of evasion

@: about to teleport, under a protective aura, acrobatic, flying, constricted
A: sickness immunity, AC +8, negative energy resistance 1, electricity
resistance, torment resistance 1, petrification resistance
a: Renounce Religion, Evoke Invisibility, Shatter the Chains


You were on level 3 of the Abyss.
You worshipped Ashenzari.
Ashenzari was noncommittal.
You visited 4 branches of the dungeon, and saw 13 of its levels.
You visited the Abyss 1 time.
You also visited: Sewer.

You collected 795 gold pieces.
You spent 315 gold pieces at shops.

Inventory:

Hand Weapons
 a - a +0 war axe
 i - a +0 club
 I - a +2 vorpal hand axe
 L - a +2 whip of flaming
 P - a +2 flail of protection (weapon)
 R - a +2 whip of electrocution
 V - a -1 vorpal halberd
Armour
 b - a +0 cloak (worn)
 c - a +0 buckler (worn)
 h - a +0 pair of boots (worn)
 n - a +0 plate armour (worn)
 E - a +0 pair of gloves (worn)
 G - a +0 helmet
 M - a +0 plate armour
 O - the cursed +1 helmet "Circumscribed Together" (worn) {+Inv Fly rCorr Dex-2, Range, Cun}
   (You bought it in a shop on level 4 of the Dungeon)

   Dex:       It affects your dexterity (-2).
   +Inv:      It lets you turn invisible.
   Fly:       It grants you flight.
   rCorr:     It protects you from acid and corrosion.
   It has a curse which improves the following skills: Ranged Combat: Ranged
   Weapons and Throwing.
   Cunning:   Dodging and Stealth.
Jewellery
 m - a +4 ring of protection (left hand)
 r - an amulet of the acrobat (around neck)
 D - a +4 ring of evasion (right hand)
 Q - a ring of positive energy
 T - a ring of ice
 U - an amulet of regeneration
Wands
 u - a wand of mindburst (30)
 B - a wand of flame (44) (quivered)
 J - a wand of paralysis (15)
 N - a wand of quicksilver (2)
Scrolls
 d - a scroll of acquirement {unknown}
 f - 2 scrolls of enchant armour {unknown}
 o - a scroll of poison {unknown}
 p - 2 scrolls of noise {unknown}
 q - 5 scrolls of teleportation
 v - 3 scrolls of fear
 w - 4 scrolls of fog
 y - a scroll of enchant weapon {unknown}
 A - a scroll of silence {unknown}
 C - 3 scrolls of magic mapping
 H - a scroll of amnesia {unknown}
 S - a scroll of identify
Potions
 e - 5 potions of invisibility
 g - 3 potions of resistance
 j - 3 potions of brilliance
 k - 4 potions of haste
 l - 2 potions of ambrosia
 s - 3 potions of lignification {unknown}
 t - 4 potions of curing {unknown}
 x - a potion of cancellation {unknown}
 z - 2 potions of heal wounds {unknown}
 F - 2 potions of mutation {unknown}
 K - a potion of degeneration {unknown}


   Skills:
 + Level 8.5 Fighting
 + Level 10.8 Axes
 + Level 0.3(7.4) Maces & Flails
 + Level 8.8 Armour
 + Level 1.3(1.6) Dodging
 + Level 6.5 Shields
 * Level 7.2 Evocations


You had 10 spell levels left.
You didn't know any spells.
Your spell library contained the following spells:

 Spells                   Type           Power      Damage    Failure   Level
 Blink                    Tloc           0%         N/A       100%        2
 Scorch                   Fire           0%         2d5       100%        2
 Lesser Beckoning         Tloc           0%         N/A       100%        3
 Flame Wave               Conj/Fire      0%         2d4       100%        4
 Manifold Assault         Tloc           0%         N/A       100%        5
 Summon Cactus Giant      Summ           0%         N/A       100%        6


Dungeon Overview and Level Annotations

Branches:
Dungeon (10/15)            Temple (1/1) D:4            Lair (1/5) D:10
    Orc (1/2) D:9           Sewer (visited)

Altars:
Ashenzari
Cheibriados
Dithmenos
Elyvilon
Fedhas
Gozag
Hepliaklqana
Kikubaaqudgha
Makhleb
Nemelex Xobeh
Okawaru
Qazlal
Ru
Sif Muna
Trog
Uskayaw
Vehumet
Wu Jian
Xom
Yredelemnul
Zin
The Shining One

Shops:
D:3 *   D:4 *

Annotations:
Lair:1 Sonja


Innate Abilities, Weirdness & Mutations

You are immune to sickness and miasma.
Your stone body is resilient. (AC +8)
You are immune to poison.
You resist negative energy. (rN+)
You are resistant to electric shocks. (rElec)
You are resistant to unholy torment.
You are immune to petrification.


Message History

The tentacled starspawn tentacle-slaps you but does no damage.
You completely miss the starspawn tentacle.
The starspawn tentacle is heavily damaged.
The starspawn tentacle constricts you.
The tentacled starspawn bites you but does no damage.
The tentacled starspawn barely misses you.
You hit the starspawn tentacle but do no damage.
The starspawn tentacle is heavily damaged.
The starspawn tentacle constricts you. The tentacled starspawn bites you.
You block the tentacled starspawn's attack.
The starspawn tentacle's grasp on you weakens, but your attempt to escape fails.
The starspawn tentacle constricts you.
The tentacled starspawn bites you but does no damage.
The tentacled starspawn tentacle-slaps you.
You barely miss the starspawn tentacle.
The starspawn tentacle is heavily damaged.
The starspawn tentacle constricts you. The wraith hits you!
The tentacled starspawn barely misses you.
The tentacled starspawn closely misses you.
You hit the starspawn tentacle.
The starspawn tentacle is heavily damaged.
The starspawn tentacle constricts you. The wraith hits you but does no damage.
The tentacled starspawn bites you!!
* * * LOW HITPOINT WARNING * * *
The tentacled starspawn tentacle-slaps you but does no damage.
You are too injured to fight recklessly!
You can't see any enemies this would affect, really read the scroll of fear?
Okay, then.
As you read the scroll of teleportation, it crumbles to dust.
You feel strangely unstable.
You feel the power of the Abyss delaying your translocation!
The starspawn tentacle constricts you.
The tentacled starspawn barely misses you.
The tentacled starspawn tentacle-slaps you.
* * * LOW HITPOINT WARNING * * *
The wraith hits you but does no damage. The starspawn tentacle constricts you.
The tentacled starspawn bites you.
* * * LOW HITPOINT WARNING * * *
The tentacled starspawn tentacle-slaps you!
You die...

#..... ##.# #...
#. #...##.... #.#
.#.....# .#
#.#......#.
.#........
..#.>....# .
.....#..w####....
#...X@W.....#
#...w####.#.#
#..... #
...#....# .
#..#....## . ...
##...# .. ##.
....# . #....#


You could see a tentacled starspawn, a wraith and 2 starspawn tentacles.

Vanquished Creatures
  A hydra (Lair:1)
  Erica (D:8)
  2 two-headed ogres
  Pikel (D:8)
  Joseph (D:7)
  A cane toad (Lair:1)
  A kobold demonologist (D:10)
  2 trolls
  A hornet (D:9)
  2 wraiths
  4 wyverns
  A shadow (D:10)
  A yak (D:10)
  Eustachio (D:6)
  A basilisk (Lair:1)
  A vampire (D:10)
  A steam dragon (D:7)
  Grum (D:10)
  3 water moccasins
  5 orc warriors
  Pargi (Sewer)
  A black bear (D:5)
  2 ogres
  A centaur (D:6)
  5 wolves
  A phantom (D:5)
  2 kobold brigands (D:10)
  4 bullfrogs
  4 scorpions
  5 wights (D:6)
  5 killer bees (D:7)
  4 howler monkeys
  A jelly (D:7)
  6 orc priests
  4 hounds
  Crazy Yiuf (D:2)
  4 iguanas
  Ijyb (D:3)
  9 orc wizards
  6 gnolls
  8 adders
  A shadow imp (D:7)
  An ufetubus (D:6)
  3 worms
  2 dart slugs
  26 orcs
  6 ball pythons
  6 bats
  14 endoplasms
  12 goblins
  8 hobgoblins
  2 jackals (Sewer)
  5 quokkas
  2 frilled lizards (D:2)
  8 kobolds
  7 rats
210 creatures vanquished.

Vanquished Creatures (collateral kills)
  6 yaks (D:10)
  A gnoll sergeant (D:10)
  4 gnolls (D:10)
11 creatures vanquished.

Vanquished Creatures (others)
  2 orc wizards
  31 fungi
  18 plants (D:10)
51 creatures vanquished.

Grand Total: 272 creatures vanquished

Notes
Turn   | Place    | Note
-------+----------+-------------------------------------------
     0 | D:1      | soggyman666 the Gargoyle Fighter began the quest for the
                  | Orb.
     0 | D:1      | Reached XP level 1. HP: 14/14 MP: 1/1
   179 | D:1      | Reached XP level 2. HP: 19/19 MP: 2/2
   284 | D:1      | Reached skill level 2 in Axes
   341 | D:1      | Found a faded altar of an unknown god.
   591 | D:1      | Reached XP level 3. HP: 19/24 MP: 3/3
  1229 | D:2      | Found a runed translucent door.
  1230 | D:2      | Noticed Crazy Yiuf
  1344 | D:2      | Reached XP level 4. HP: 29/29 MP: 4/4
  2032 | D:2      | Killed Crazy Yiuf
  2033 | D:2      | Reached skill level 3 in Axes
  2033 | D:2      | Reached XP level 5. HP: 30/33 MP: 5/5
  2165 | D:3      | Noticed Ijyb
  2184 | D:3      | Killed Ijyb
  2632 | D:3      | Found Lecoin's Assorted Antiques.
  3092 | D:4      | Found a staircase to the Ecumenical Temple.
  3102 | Temple   | Entered the Ecumenical Temple
  3426 | D:4      | Found Goloju's Assorted Antiques.
  3616 | D:4      | Reached skill level 4 in Axes
  3616 | D:4      | Reached XP level 6. HP: 39/39 MP: 6/6
  3632 | D:4      | Reached skill level 1 in Evocations
  4438 | D:5      | Entered Level 5 of the Dungeon
  4445 | D:5      | Found a shadowy altar of Dithmenos.
  4495 | D:5      | Reached XP level 7. HP: 44/44 MP: 7/7
  4549 | D:5      | Reached skill level 5 in Axes
  4641 | D:5      | Reached skill level 5 in Fighting
  4859 | D:5      | Found Kovupysuri's Weapon Shoppe.
  4981 | D:5      | Reached XP level 8. HP: 45/49 MP: 8/8
  4983 | D:5      | Reached skill level 6 in Axes
  4983 | D:5      | Reached skill level 5 in Armour
  5306 | D:6      | Found a glowing drain.
  5313 | Sewer    | Entered a sewer
  5370 | Sewer    | Noticed Pargi
  5385 | Sewer    | Killed Pargi
  5856 | D:6      | Reached skill level 7 in Axes
  5889 | D:6      | Noticed Eustachio
  5919 | D:6      | Killed Eustachio
  5920 | D:6      | Reached XP level 9. HP: 42/55 MP: 9/9
  6722 | D:7      | Noticed Joseph
  6735 | D:7      | Killed Joseph
  6736 | D:7      | Reached skill level 5 in Shields
  7054 | D:7      | Reached skill level 8 in Axes
  7835 | D:8      | Noticed Pikel
  7865 | D:8      | Killed Pikel
  7866 | D:8      | Reached skill level 5 in Evocations
  7965 | D:8      | Reached XP level 10. HP: 53/63 MP: 10/10
  8117 | D:8      | Noticed a two-headed ogre
  8125 | D:8      | Killed a two-headed ogre
  8241 | D:8      | Reached skill level 1 in Dodging
  8543 | D:8      | Reached skill level 9 in Axes
  9025 | D:9      | Noticed Erica
  9043 | D:8      | Killed Erica
  9775 | D:3      | Bought a long silver wand for 68 gold pieces
  9946 | D:4      | Bought a distressingly furry helmet for 247 gold pieces
  9946 | D:4      | Identified the +1 helmet of the Equator {+Inv Fly rCorr
                  | Dex-2} (You bought it in a shop on level 4 of the Dungeon)
 10613 | D:9      | Found a staircase to the Orcish Mines.
 10796 | D:9      | Paralysed by an orc wizard for 3 turns
 10808 | D:9      | Paralysed by an orc wizard for 4 turns
 10881 | Orc:1    | Entered Level 1 of the Orcish Mines
 10892 | Orc:1    | Noticed an orc high priest
 10898 | Orc:1    | Noticed a sun demon
 11090 | D:10     | Entered Level 10 of the Dungeon
 11168 | D:10     | Noticed a two-headed ogre
 11176 | D:10     | Killed a two-headed ogre
 11177 | D:10     | Reached skill level 10 in Axes
 11177 | D:10     | Reached XP level 11. HP: 68/68 MP: 11/11
 11234 | D:10     | Found a broken altar of Ashenzari.
 11239 | D:10     | Became a worshipper of Ashenzari the Shackled
 11690 | D:10     | Found a staircase to the Lair.
 12212 | D:10     | Noticed Grum
 12230 | D:10     | Killed Grum
 12427 | Lair:1   | Entered Level 1 of the Lair of Beasts
 12501 | Lair:1   | Noticed an eight-headed hydra
 12506 | Lair:1   | Noticed an eight-headed hydra
 12519 | Lair:1   | Killed an eight-headed hydra
 12575 | Lair:1   | Noticed Sonja
 12585 | Abyss:2  | Cast into level 2 of the Abyss (Sonja)
 12621 | Abyss:2  | Noticed a tentacled starspawn
 12663 | Abyss:3  | Noticed a tentacled starspawn
 12678 | Abyss:3  | Slain by a tentacled starspawn

Illustrated notes

Levels and vault maps discovered:
D:1:      dpeg_arrival_orchard, layout_basic,
          hellmonk_ecumenical_altar_inner_sanctum
D:2:      layout_loops_ring, uniq_crazy_yiuf_cottage
D:3:      kennysheep_the_goblin_king, layout_rooms, serial_shops, shop
D:4:      layout_gridville, minmay_temple_entry_large_hall, serial_shops,
          nicolae_shop_crystal, dreamdust_gnoll_farm
D:5:      layout_cave_pools, grunt_dithmenos_smoke, serial_shops, shop
D:6:      layout_loops_ring, portal_sewer_entry_e, uniq_eustachio
D:7:      cheibrodos_quashed, layout_loops_ring, kennysheep_generic_room_7,
          uniq_joseph
D:8:      layout_loops_ring, uniq_pikel
D:9:      layout_big_octagon, minmay_orc_entry_temple_small, uniq_erica
D:10:     layout_loops_ring, general_overflow_altar,
          grunt_lair_entry_orc_guard_hut, uniq_grum
Temple:   nicolae_temple_slightly_damp_pantheon
Lair:1:   layout_regular_city, serial_bayou_pond_d, uniq_gastronok, uniq_sonja
Orc:1:    giant_chief_lemuel, layout_caves
Abyss:3:  base: Lair:1, minivault_24, guppyfry_abyss_exit_glass_guarded

Skill      XL: |  1  2  3  4  5  6  7  8  9 10 11 |
---------------+----------------------------------+-----
Axes           | 2 3 4 5 7 8 10 | 10.8
Fighting       | 4 5 7 8 |  8.5
Armour         | 4 5 6 7 8 |  8.8
Shields        | 4 5 6 |  6.5
Evocations     | 1 2 3 5 6 7 |  7.2
Dodging        | 1 |  1.3
Maces & Flails | |  0.3

Action                   |  1- 3 |  4- 6 |  7- 9 | 10-12 || total
-------------------------+-------+-------+-------+-------++-------
Melee: War axe           |   103 |   199 |   257 |       ||   559
       Hand axe          |       |       |    55 |   376 ||   431
       Flail             |       |       |       |    12 ||    12
Invok: Curse Item        |       |       |       |     1 ||     1
Evoke: Wand              |       |       |     3 |    24 ||    27
  Use: Scroll            |     6 |     3 |     1 |     4 ||    14
       Potion            |       |     1 |       |       ||     1
 Stab: Invisible         |       |     2 |       |       ||     2
Armor: Scale mail        |    63 |       |       |       ||    63
       Plate armour      |     3 |   159 |   262 |   274 ||   698
Dodge: Dodged            |    56 |    69 |   226 |   179 ||   530
Block: Buckler           |    27 |    34 |    77 |    62 ||   200
